 Dungeon Crawl Stone Soup version 0.31-a0-344-gd109795599 (webtiles) character file.

Game seed: 17837595832475404796

9 GordonOverkill the Sneak (level 2, -3/24 HPs)
             Began as a Mummy Delver on July 22, 2023.
             Slain by a mummy (9 damage)
             ... on level 6 of the Dungeon.
             The game lasted 00:00:35 (51 turns).

GordonOverkill the Sneak (Mummy Delver)               Turns: 51, Time: 00:00:36

Health: -3/24      AC:  3    Str: 15    XL:     2   Next: 3%
Magic:  2/2        EV: 11    Int:  9    God:
Gold:   10         SH:  0    Dex: 13    Spells: 1/1 levels left

rFire   x . .        a - +0 short sword
rCold   + . .        (no shield)
rNeg    + + +        b - +0 leather armour
rPois   ∞            (no helmet)
rElec   .            (no cloak)
rCorr   .            (no gloves)
SInv    .            (no boots)
Will    .....        (no amulet)
Stlth   ++           (no ring)
HPRegen 0.24/turn    (no ring)
MPRegen 0.08/turn

%: faith
@: marked
A: cold resistance 1, negative energy resistance 3, torment resistance 2, heat
vulnerability 1, no potions, faith
a: no special abilities


You were on level 6 of the Dungeon.
You visited 1 branch of the dungeon, and saw 2 of its levels.
You also visited: Ossuary.

You collected 10 gold pieces.

Inventory:

Hand Weapons
 a - a +0 short sword (weapon)
Armour
 b - a +0 leather armour (worn)
Wands
 f - a wand of digging (3)
Scrolls
 c - a scroll of fog
 d - a scroll of revelation
 e - a scroll of fear
 g - a scroll of identify {unknown}


   Skills:
 - Level 3.0 Fighting
 + Level 2.2 Short Blades
 - Level 1.5 Dodging
 - Level 4.1 Stealth


You had one spell level left.
You didn't know any spells.
Your spell library was empty.

Dungeon Overview and Level Annotations

Branches:
Dungeon (6/15)            Ossuary (visited)
 Temple: D:4-7

Altars:


Innate Abilities, Weirdness & Mutations

You are immune to poison.
Your flesh is cold resistant. (rC+)
You are immune to negative energy. (rN+++)
You are immune to unholy pain and torment.
You are vulnerable to heat. (rF-)
You do not drink.
You have a special connection with the divine. (Faith)


Message History

The centaur zombie hits you but does no damage.
The centaur zombie kicks you.
Really walk into that dispersal trap?
You enter a dispersal trap!
The centaur zombie blinks! x5
The hobgoblin zombie blinks! x3; The centaur zombie blinks! x2
The mummy blinks!
You blink.
The mummy closely misses you.
The hobgoblin zombie enters a dispersal trap!
The hobgoblin zombie blinks!
The mummy blinks! x2
The hobgoblin zombie blinks!
The mummy blinks!
The centaur zombie blinks! x2
You blink. 2 hobgoblin zombies come into view.
The hobgoblin zombie blinks!
The hobgoblin zombie enters a dispersal trap!
The centaur zombie blinks! x2; The mummy blinks! x3; You blink.
The hobgoblin zombie blinks!
The hobgoblin zombie moves out of view. x2
The centaur zombie closely misses you.
The centaur zombie kicks you but does no damage.
The centaur zombie misses you. The centaur zombie closely misses you.
The centaur zombie barely misses you.
The centaur zombie kicks you but does no damage.
The mummy hits you.
The centaur zombie hits you but does no damage.
The centaur zombie kicks you. The centaur zombie hits you.
The centaur zombie kicks you.
There is a gate leading back out of this place here.
The centaur zombie hits you.
* * * LOW HITPOINT WARNING * * *
The centaur zombie kicks you but does no damage.
The centaur zombie closely misses you.
The centaur zombie kicks you but does no damage.
The hobgoblin zombie fails to trigger a net trap.
There is a collapsed entrance here.
You hit the mummy but do no damage. The mummy hits you!
* * * LOW HITPOINT WARNING * * *
You hit the mummy.
The mummy is lightly damaged.
You hit the mummy.
The mummy is moderately damaged.
The mummy hits you!
You die...

. .. ... .# .....# ######
.....####....#
..[........#.#
#+####.##'##.#.##### ###.#
#.#...#........
.#####<#.####.#.@.#........
..............#..M#........
$......#.###..#####........
.#####.#.# ##..............
#######.# ##.............
........# ##############
......### ...... .....


You could see a mummy.

Vanquished Creatures
  An adder (D:6)
1 creature vanquished.

Notes
Turn   | Place    | Note
-------+----------+-------------------------------------------
     0 | D:5      | GordonOverkill the Mummy Delver began the quest for the
                  | Orb.
     0 | D:5      | Reached XP level 1. HP: 18/18 MP: 1/1
     6 | D:6      | Reached XP level 2. HP: 24/24 MP: 2/2
    34 | D:6      | Found a sand-covered staircase.
    39 | Ossuary  | Entered an ossuary
    51 | D:6      | Slain by a mummy

Illustrated notes

Levels and vault maps discovered:
D:5:      layout_cave_pods, bloody_makhleb, trog_hazing_becter, uniq_ijyb
D:6:      layout_basic, chequers_temple_overflow_statue_of_worship,
          ebering_ghost_sewer_d, enter_ossuary_2, uniq_menkaure

Skill      XL: |  1 |
---------------+----+-----
Short Blades   | 2 |  2.2
Fighting       | |  3.0
Dodging        | |  1.5
Stealth        | |  4.1

Action                     || total
---------------------------++-------
  Melee: Short sword       ||     4
   Stab: Sleeping          ||     1
 Armour: Leather armour    ||     9
  Dodge: Dodged            ||     6

Table legend: (Time is in decaauts)
 A = Elapsed time spent in this place.
 B = Non-inter-level travel time spent in this place.
 C = Inter-level travel time spent in this place.
 D = Time resting spent in this place.
 E = Time spent auto-exploring this place.
 F = Levels seen in this place.
 G = Mean time per level.
                   A        B        C        D        E       F      G
               +--------+--------+--------+--------+--------+-----+--------+
         Total |     49 |     49 |      0 |      0 |      0 |   3 |   16.3 |
       Dungeon |     41 |     41 |      0 |      0 |      0 |   2 |   20.5 |
       Ossuary |      8 |      8 |      0 |      0 |      0 |   1 |    8.0 |
               +--------+--------+--------+--------+--------+-----+--------+

Top non-repeatable levels by time:
     D:6: 38 daAuts
 Ossuary: 8 daAuts
     D:5: 3 daAuts
